AoeStats
← Iamak3186

Arena

504486789Analyzed
1v1 RM · 27d ago on Sep 5, 2026· 37m 47s· 2 players
Game mode
Random Map
Map size
Tiny (2 player)
Population
200
Speed
Normal
Resources
Standard
Victory
Conquest
Starting age
Dark Age
Ending age
Imperial Age
RankedLock teamsTeams togetherTeam positionsShared explorationLock speedFull tech treeHidden civsTurbo modeCheats
Victory
Defeat
🇲🇽 Burgundians · Mexico
1256
+15
🇮🇳 Japanese · India
1234
-15
Iamak3186
10:52 Feudal Age
12:50 Double-Bit Axe
15:22 Castle Age
13:46 Horse Collar
16:22 Scale Mail Armor
16:33 Bow Saw
16:54 Loom
25:32 Wheelbarrow
30:33 Imperial Age
29:57 Gold Mining
30:03 Fletching
32:17 Bodkin Arrow
33:21 Conscription
33:43 Hand Cart
33:13 Town Watch
34:06 Stone Mining
34:59 Bracer
37:15 Chemistry
36:57 Ballistics
38:25 Thumb Ring
[Tkilla] CCUEVLOP
4:45 Double-Bit Axe
10:03 Feudal Age
14:12 Castle Age
13:33 Bow Saw
13:32 Horse Collar
18:50 Stone Mining
19:43 Loom
24:16 Fletching
25:24 Bodkin Arrow
30:07 Imperial Age
30:03 Padded Archer Armor
30:14 Forging
30:05 Scale Mail Armor
30:52 Burgundian Vineyards
31:19 Husbandry
30:40 Light Cavalry
31:11 Cavalier
32:31 Iron Casting
32:02 Scale Barding Armor
33:03 Chemistry
32:40 Heavy Plow
33:46 Wheelbarrow
34:19 Bracer
35:15 Onager
Connection lost

Rejoining the realm…

Still unreachable

The connection could not be restored.

Session expired

The server has moved on; the page needs a fresh start.